 Dungeon Crawl Stone Soup version 0.22-a0-877-g5c4e1af (webtiles) character file.

22 rgaf the Charlatan (level 2, -1/17 HPs)
             Began as a Gargoyle Artificer on July 29, 2018.
             Slain by a hobgoblin (3 damage)
             ... on level 2 of the Dungeon.
             The game lasted 00:01:13 (1340 turns).

rgaf the Charlatan (Gargoyle Artificer)             Turns: 1340, Time: 00:01:14

Health: -1/17      AC:  5    Str: 15    XL:     2   Next: 91%
Magic:  4/4        EV: 11    Int: 11    God:
Gold:   31         SH:  0    Dex: 10    Spells: 1/1 levels left

rFire    + . .     SeeInvis .   g - -3 dagger (curse)
rCold    . . .     Gourm    .   (no shield)
rNeg     + . .     Faith    .   b - +0 leather armour
rPois    ∞         Spirit   .   (no helmet)
rElec    +         Reflect  .   (no cloak)
rCorr    .         Harm     .   (no gloves)
MR       .....                  (no boots)
Stlth    +.........             (no amulet)
HPRegen  0.05/turn              i - ring of poison resistance
MPRegen  0.09/turn              h - ring of protection from fire

@: no status effects
A: negative energy resistance 1, electricity resistance, unbreathing,
petrification resistance, rot immunity, AC +2
a: no special abilities


You were on level 2 of the Dungeon.
You were near starving.

You visited 1 branch of the dungeon, and saw 2 of its levels.

You collected 31 gold pieces.

Inventory:

Hand Weapons
 a - a +0 short sword
 g - a cursed -3 dagger (weapon)
Armour
 b - a +0 leather armour (worn)
Jewellery
 h - a ring of protection from fire (right hand)
 i - a ring of poison resistance (left hand)
Wands
 c - a wand of flame (15)
 d - a wand of enslavement (15)
 e - a wand of random effects (15)
Scrolls
 j - a scroll of immolation {unknown}
Potions
 k - a potion of heal wounds {unknown}
 m - 2 potions of lignification
Comestibles
 f - a ration


   Skills:
 + Level 2.0 Fighting
 - Level 0.8 Short Blades
 + Level 1.3 Armour
 - Level 1.5 Dodging
 - Level 1.1 Stealth
 + Level 3.0 Evocations


You had one spell level left.
You didn't know any spells.
Your spell library was empty.

Dungeon Overview and Level Annotations

Branches:
Dungeon (2/15)

Altars:


Innate Abilities, Weirdness & Mutations

You are resistant to torment.
Your stone body is resilient. (AC +2)
You are immune to poison.
You resist negative energy. (rN+)
You are resistant to electric shocks. (rElec)
You can survive without breathing.
You are immune to petrification.
You are immune to rotting.


Message History

The stone hits you but does no damage.
You hear a shout!
You see here a stone.
A hobgoblin comes into view.
The bat hits you but does no damage.
The goblin shoots a stone.
The stone hits you.
* * * LOW HITPOINT WARNING * * *
The hobgoblin moves out of view.
You see here a stone.
The bat barely misses you.
The goblin shoots a stone.
The stone hits you but does no damage.
Found a leather armour.
You see here a stone.
A kobold comes into view.
The hobgoblin hits you.
* * * LOW HITPOINT WARNING * * *
The bat hits you but does no damage.
The kobold shouts!
The hobgoblin shouts!
The bat closely misses you. The hobgoblin hits you.
You die...

.... ...[.. . ....... ..
..... ... ....
..K.######.##
............#
.......g....# #
..#..!@b(..# ########..
..........(g###.......
##........g(......... ##
#..........lg###..# #.
..........###g.##..####.
######g##..#.......g....
#.. ##..............
...# ###.###..##.#.# #.
#.####.<....?


You could see 3 gnolls, 2 hobgoblins, a goblin, a bat, a kobold and a frilled
lizard.

Vanquished Creatures
  A dart slug (D:1)
  3 leopard geckos
  A bat (D:1)
  A hobgoblin (D:1)
  4 jackals (D:1)
  A frilled lizard (D:1)
  2 kobolds (D:1)
  4 rats (D:1)
17 creatures vanquished.

Notes
Turn   | Place    | Note
-------+----------+-------------------------------------------
     0 | D:1      | rgaf the Gargoyle Artificer began the quest for the Orb.
     0 | D:1      | Reached XP level 1. HP: 12/12 MP: 2/2
   197 | D:1      | Reached XP level 2. HP: 16/16 MP: 4/4
   372 | D:1      | Reached skill level 1 in Armour
   696 | D:1      | Reached skill level 3 in Evocations
  1340 | D:2      | Slain by a hobgoblin

Vault maps used:
D:1:      minmay_arrival_four_circles
D:2:      uniq_robin, uniq_sigmund, uniq_crazy_yiuf_cottage

Skill      XL: |  1  2 |
---------------+-------+-----
Armour         | 1 |  1.3
Evocations     | 3 |  3.0
Fighting       | 2 |  2.0
Short Blades   | |  0.8
Dodging        | |  1.5
Stealth        | |  1.1

Action                   || total
-------------------------++-------
Melee: Dagger            ||   153
       Short sword       ||     7
  Use: Scroll            ||     1
Armor: Leather armour    ||    66
Dodge: Dodged            ||   101

Table legend:
 A = Spawn XP
 B = Non-spawn XP
 C = Spawn XP percentage of total XP
 D = Spawn monster count
 E = Non-spawn monster count
 F = Spawn count percentage of total count
 G = Total turns spent on level
                    A         B        C        D         E        F      G
               +---------+---------+-------+---------+---------+-------+---------
         Total |       0 |      32 |   0.0 |       0 |      17 |   0.0 |  1340
               +---------+---------+-------+---------+---------+-------+---------
           D:1 |       0 |      29 |   0.0 |       0 |      16 |   0.0 |  1280
           D:2 |       0 |       3 |   0.0 |       0 |       1 |   0.0 |    60
               +---------+---------+-------+---------+---------+-------+---------
